 Dungeon Crawl Stone Soup version 0.21-a0-210-gbfa5647 (webtiles) character file.

156 tehllama the Insei (level 5, -5/34 HPs)
             Began as an Octopode Transmuter on Aug 22, 2017.
             Killed from afar by an orc wizard (14 damage)
             ... with a puff of frost
             ... on level 3 of the Dungeon.
             The game lasted 00:03:17 (2551 turns).

tehllama the Insei (Octopode Transmuter)            Turns: 2551, Time: 00:03:21

Health: -5/34      AC:  1    Str: 16    XL:     5   Next: 38%
Magic:  8/8        EV: 13    Int: 15    God:
Gold:   112        SH:  0    Dex: 12    Spells: 2/8 levels left

rFire    . . .     SeeInvis .     - Unarmed
rCold    . . .     Gourm    .   (no shield)
rNeg     . . .     Faith    .   (helmet restricted)
rPois    .         Spirit   .   (no amulet)
rElec    .         Reflect  .   (no ring)
rCorr    .         Harm     .   (no ring)
MR       .....                  (no ring)
Stlth    +++.......             (no ring)
HPRegen  0.11/turn              (no ring)
MPRegen  0.11/turn              (no ring)
                                (no ring)
                                (no ring)

@: mighty
A: almost no armour, stealthy swim, amphibious, 8 rings, constrict 8, camouflage
1, gelatinous body 1
a: no special abilities


You were on level 3 of the Dungeon.
You were not hungry.

You visited 1 branch of the dungeon, and saw 3 of its levels.

You collected 112 gold pieces.

Inventory:

Missiles
 a - 33 arrows
Jewellery
 d - an uncursed ring of protection from magic {unknown}
Scrolls
 l - a scroll of remove curse
Potions
 h - a potion of mutation {unknown}
 j - a potion of cancellation {unknown}
 k - a potion of resistance {unknown}
 m - a potion of flight {unknown}
Books
 b - a book of Changes

   Spells                             Type                      Level
   a - Beastly Appendage              Transmutation                1
   b - Sticks to Snakes               Transmutation                2
   c - Spider Form                    Transmutation/Poison         3
   d - Ice Form                       Ice/Transmutation            4
   e - Blade Hands                    Transmutation                5
 n - a book of Cantrips

   Spells                             Type                      Level
   a - Confusing Touch                Hexes                        1
   b - Animate Skeleton               Necromancy                   1
   c - Summon Small Mammal            Summoning                    1
   d - Apportation                    Translocation                1
Comestibles
 c - 5 bread rations
 f - 5 royal jellies
 i - 2 meat rations
 o - 3 chunks of flesh


   Skills:
 + Level 2.1 Fighting
 - Level 2.0 Dodging
 + Level 2.6 Stealth
 * Level 5.1 Unarmed Combat
 - Level 2.0 Spellcasting
 - Level 2.0 Transmutations


You had 2 spell levels left.
You knew the following spells:

 Your Spells              Type           Power        Failure   Level  Hunger
a - Beastly Appendage     Tmut           #.....       10%         1    #......
b - Sticks to Snakes      Tmut           #.......     14%         2    ###....
c - Spider Form           Tmut/Pois      #.........   41%         3    ###....


Dungeon Overview and Level Annotations

Branches:
Dungeon (3/15)

Altars:
Fedhas
Makhleb
Xom
Yredelemnul


Innate Abilities, Weirdness & Mutations

You cannot wear most types of armour.
You are very stealthy in the water. (Stealth+)
You are amphibious.
You can wear up to eight rings at the same time.
You can use your tentacles to constrict eight enemies at once.
Your skin changes colour to match your surroundings (Stealth+).
Your rubbery body absorbs attacks. (AC +1, EV +1)


Message History

You are too injured to fight recklessly!
You are too injured to fight recklessly!
You are too injured to fight recklessly!
You are too injured to fight recklessly!
You are too injured to fight recklessly!
You are too injured to fight recklessly!
You are too injured to fight recklessly!
You are too injured to fight recklessly!
You feel very mighty all of a sudden.
You constrict the giant cockroach.
The giant cockroach waves its antennae.
The giant cockroach misses you.
You bludgeon the orc!
You kill the orc!
You constrict the giant cockroach.
You kill the giant cockroach!
You hear some strange, mumbled words.
A puff of frost appears from out of thin air!
The puff of frost hits you!
You die...

#.......#
#.....##.########
#########
###.#............
#...##.########
#.#.##.# #.#.##.#
#####.#.#..##
#......)....##
##.####.).....#
....(g)@#####..#
...##.)## #...
....s ..#.
....... ...
....... [.
....... .......
.......


You could see a giant cockroach and a goblin.

Vanquished Creatures
  A hound (D:3)
  5 adders (D:2)
  A worm (D:2)
  A dart slug (D:1)
  2 leopard geckos
  6 orcs (D:3)
  3 giant cockroaches
  8 goblins
  11 hobgoblins
  7 jackals
  2 quokkas (D:2)
  A bat (D:2)
  4 frilled lizards
  6 kobolds
  8 rats
66 creatures vanquished.

Notes
Turn   | Place    | Note
-------+----------+-------------------------------------------
     0 | D:1      | tehllama the Octopode Transmuter began the quest for the Orb.
     0 | D:1      | Reached XP level 1. HP: 13/13 MP: 3/3
   278 | D:1      | Reached XP level 2. HP: 15/18 MP: 5/5
   431 | D:1      | Reached skill level 4 in Unarmed Combat
   557 | D:1      | Reached XP level 3. HP: 20/23 MP: 6/6
  1040 | D:2      | Reached skill level 1 in Stealth
  1220 | D:2      | Found a basalt altar of Yredelemnul.
  1299 | D:2      | Reached XP level 4. HP: 15/28 MP: 7/7
  2157 | D:2      | Found a shimmering altar of Xom.
  2350 | D:3      | Reached XP level 5. HP: 34/34 MP: 8/8
  2352 | D:3      | Found a blossoming altar of Fedhas.
  2363 | D:3      | Learned a level 2 spell: Sticks to Snakes
  2367 | D:3      | Learned a level 3 spell: Spider Form
  2510 | D:3      | Found a burning altar of Makhleb.
  2517 | D:3      | Reached skill level 5 in Unarmed Combat
  2551 | D:3      | Killed from afar by an orc wizard

Vault maps used:
D:1:      lemuel_arrival_hallway
D:2:      tgw_xom, lemuel_crystal_altar, st_stairs_5, minmay_ruptured
D:3:      old_standard_altar, makhleb_blood_cavern_becter,
          kennysheep_jessica_study

Skill      XL: |  1  2  3  4  5 |
---------------+----------------+-----
Unarmed Combat | 4 5 |  5.1
Stealth        | 1 2 |  2.6
Fighting       | 2 |  2.1
Dodging        | |  2.0
Spellcasting   | |  2.0
Transmutations | |  2.0

Action                   |  1- 3 |  4- 6 || total
-------------------------+-------+-------++-------
Melee: Unarmed           |    83 |    62 ||   145
       Constrict         |    20 |    15 ||    35
       Tentacles         |    12 |     6 ||    18
       Punch             |     1 |     3 ||     4
       Kick              |       |     2 ||     2
 Cast: Beastly Appendage |     2 |     2 ||     4
  Use: Potion            |       |     2 ||     2
       Scroll            |       |     4 ||     4
 Stab: Sleeping          |    12 |     1 ||    13
  Eat: Chunk             |     1 |     4 ||     5
Armor: Skin              |     5 |     4 ||     9
Dodge: Dodged            |    32 |    28 ||    60

Table legend:
 A = Spawn XP
 B = Non-spawn XP
 C = Spawn XP percentage of total XP
 D = Spawn monster count
 E = Non-spawn monster count
 F = Spawn count percentage of total count
 G = Total turns spent on level
                    A         B        C        D         E        F      G
               +---------+---------+-------+---------+---------+-------+---------
         Total |      47 |     177 |  21.0 |       7 |      59 |  10.6 |  2551
               +---------+---------+-------+---------+---------+-------+---------
           D:1 |       1 |      44 |   2.2 |       1 |      26 |   3.7 |   910
           D:2 |      46 |      68 |  40.4 |       6 |      23 |  20.7 |  1386
           D:3 |       0 |      65 |   0.0 |       0 |      10 |   0.0 |   255
               +---------+---------+-------+---------+---------+-------+---------
